 Dungeon Crawl Stone Soup version 0.26-a0-664-gc8b27b8fc1 (webtiles) character file.

Game seed: 18056464366450882797

579743 Napalmbreeze the Wrestler (level 25, 0/273 HPs)
             Began as a Troll Fighter on Oct 13, 2020.
             Was the Champion of Makhleb.
             Splashed by the Royal Jelly's acid (4 damage)
             ... on level 5 of the Pits of Slime.
             The game lasted 02:34:55 (54560 turns).

Napalmbreeze the Wrestler (Troll Fighter)          Turns: 54560, Time: 02:34:56

Health: 0/273      AC: 39    Str: 44      XL:     25   Next: 89%
Magic:  35/35      EV:  9    Int:  3 (4)  God:    Makhleb [******]
Gold:   1525       SH: 32    Dex: 16      Spells: 24/24 levels left

rFire    + + +     SeeInvis +     - Unarmed
rCold    + + +     Faith    .   J - +7 tower shield {AC+3}
rNeg     + . .     Spirit   .   h - +12 gold dragon scales
rPois    +         Reflect  .   Q - +0 mask of the Dragon {MR+ Slay+3 SInv}
rElec    +         Harm     .   F - +0 cloak "Cukyig" {MR+ Stlth+} (curse)
rCorr    +         Rampage  .   (gloves unavailable)
MR       +++..                  (boots unavailable)
Stlth    ..........             V - amulet of Xom's Sleight of Hands {Acrobat *Drain rF++ rC+++}
HPRegen  0.95/turn              b - ring of Emadol {rN+ rCorr Dex+4}
MPRegen  0.24/turn              T - ring of Xom's Recklessness {+Blink rElec Str+6}

@: corroded
A: large, unfitting armour, claws 3, molten scales 1, agile 1, cold resistance
1, deterioration 1, regeneration 1, shaggy fur 1, tough skin 3, no potion heal 1
}: 3/15 runes: decaying, serpentine, silver
a: Minor Destruction, Lesser Servant of Makhleb, Major Destruction, Greater
Servant of Makhleb, Renounce Religion, Evoke Blink


You were on level 5 of the Pits of Slime.
You worshipped Makhleb.
Makhleb was exalted by your worship.
You visited 10 branches of the dungeon, and saw 49 of its levels.
You also visited: Ice Cave.

You collected 9256 gold pieces.
You spent 7731 gold pieces at shops.

Inventory:

Hand Weapons
 P - a +2 broad axe of flaming
Missiles
 L - 4 throwing nets
 M - 119 large rocks (quivered)
Armour
 h - +12 gold dragon scales (worn)
 F - the cursed +0 cloak "Cukyig" (worn) {MR+ Stlth+}
   (You found it on level 5 of the Vaults)

   It affects your resistance to hostile enchantments.
   It makes you more stealthy.
   It has a curse placed upon it.
 J - a +7 tower shield of protection (worn)
 Q - the +0 mask of the Dragon (worn) {MR+ Slay+3 SInv}
   (You bought it in a shop on level 3 of the Snake Pit)

   It affects your accuracy and damage with ranged weapons and melee attacks
   (+3).
   It affects your resistance to hostile enchantments.
   It lets you see invisible.
Jewellery
 b - the ring of Emadol (left claw) {rN+ rCorr Dex+4}
   (You found it on level 2 of the Vaults)

   [ring of resist corrosion]

   It affects your dexterity (+4).
   It protects you from negative energy.
   It provides partial protection from all sources of acid and corrosion.
 o - the ring "Paecsol" {rCorr Dex+5}
   (You acquired it on level 1 of the Lair of Beasts)

   [ring of resist corrosion]

   It affects your dexterity (+5).
   It provides partial protection from all sources of acid and corrosion.
 N - an uncursed ring of protection from magic
 R - a +4 ring of slaying
 T - the ring of Xom's Recklessness (right claw) {+Blink rElec Str+6}
   (You bought it in a shop on level 1 of the Orcish Mines)

   [ring of strength]

   It affects your strength (+6).
   It insulates you from electricity.
   It lets you blink.
 V - the amulet of Xom's Sleight of Hands (around neck) {Acrobat *Drain rF++ rC+++}
   (You bought it in a shop on level 1 of the Orcish Mines)

   [amulet of the acrobat]

   It helps you evade while moving and waiting.
   It greatly protects you from fire.
   It renders you almost immune to cold.
   It causes draining when unequipped.
Wands
 n - a wand of acid (38)
 q - a wand of disintegration (85)
 t - a wand of iceblast (67)
 y - a wand of digging (21)
Scrolls
 e - 28 scrolls of remove curse
 j - 12 scrolls of fear
 m - 27 scrolls of identify
 p - 18 scrolls of teleportation
 A - 7 scrolls of fog
 B - 6 scrolls of immolation
 D - 5 scrolls of blinking
 I - 9 scrolls of magic mapping
 K - 3 scrolls of summoning
 W - 4 scrolls of silence
 Z - 6 scrolls of holy word
Potions
 c - 3 potions of haste
 d - 13 potions of curing
 f - 5 potions of ambrosia
 g - 9 potions of lignification
 i - 5 potions of berserk rage
 k - 10 potions of flight
 l - 9 potions of heal wounds
 u - 2 potions of cancellation
 v - a potion of resistance
 x - 6 potions of brilliance
 z - 9 potions of might
 C - 4 potions of stabbing
 S - 4 potions of invisibility
Miscellaneous
 a - a box of beasts (3/3)
 E - a lightning rod (4/4)
 H - a phantom mirror


   Skills:
 - Level 20.0 Fighting
 + Level 13.5 Throwing
 - Level 15.3 Armour
 - Level 5.7 Dodging
 - Level 15.0 Shields
 + Level 22.8 Unarmed Combat
 - Level 18.0 Invocations


You had 24 spell levels left.
You didn't know any spells.
Your spell library contained the following spells:

 Spells                   Type           Power        Failure   Level
 Animate Skeleton         Necr           #.....       99%         1
 Apportation              Tloc           #.....       99%         1
 Corona                   Hex            #......      99%         1
 Foxfire                  Conj/Fire      #...         99%         1
 Magic Dart               Conj           #...         99%         1
 Shock                    Conj/Air       #...         99%         1
 Sting                    Tmut/Pois      #...         99%         1
 Summon Small Mammal      Summ           #...         99%         1
 Blink                    Tloc           N/A          99%         2
 Call Imp                 Summ           #.......     99%         2
 Corpse Rot               Necr/Air       N/A          99%         2
 Passwall                 Tmut/Erth      #.......     99%         2
 Poisonous Vapours        Pois/Air       #.....       99%         2
 Searing Ray              Conj           #.....       99%         2
 Slow                     Hex            #.......     99%         2
 Sublimation of Blood     Necr           #.........   99%         2
 Swiftness                Air            #.......     99%         2
 Conjure Flame            Conj/Fire      #.......     100%        3
 Dazzling Flash           Conj/Hex       #.....       100%        3
 Frozen Ramparts          Ice            #.....       100%        3
 Ignite Poison            Fire/Tmut/Pois #.......     100%        3
 Inner Flame              Hex/Fire       #.......     100%        3
 Mephitic Cloud           Conj/Pois/Air  #.......     100%        3
 Ozocubu's Armour         Ice            #.......     100%        3
 Portal Projectile        Hex/Tloc       #.....       100%        3
 Static Discharge         Conj/Air       #.......     100%        3
 Vampiric Draining        Necr           #.........   100%        3
 Airstrike                Air            #.........   100%        4
 Cause Fear               Hex            #.........   100%        4
 Dispel Undead            Necr           #.......     100%        4
 Fulminant Prism          Conj/Hex       #.........   100%        4
 Iskenderun's Mystic Bla  Conj/Tloc      #.......     100%        4
 Leda's Liquefaction      Hex/Erth       #.........   100%        4
 Olgreb's Toxic Radiance  Pois           #.......     100%        4
 Passage of Golubria      Tloc           N/A          100%        4
 Petrify                  Tmut/Erth      #.......     100%        4
 Sticky Flame             Conj/Fire      #.......     100%        4
 Summon Ice Beast         Ice/Summ       #.......     100%        4
 Summon Lightning Spire   Summ/Air       #.......     100%        4
 Agony                    Necr           #.......     100%        5
 Alistair's Intoxication  Tmut/Pois      #........    100%        5
 Bolt of Magma            Conj/Fire/Erth #.........   100%        5
 Excruciating Wounds      Necr           #.........   100%        5
 Irradiate                Conj/Tmut      #.........   100%        5
 Iskenderun's Battlesphe  Conj           #.......     100%        5
 Lee's Rapid Deconstruct  Erth           #.........   100%        5
 Lightning Bolt           Conj/Air       #.........   100%        5
 Metabolic Englaciation   Hex/Ice        #.........   100%        5
 Silence                  Hex/Air        #.........   100%        5
 Summon Demon             Summ           #.........   100%        5
 Summon Forest            Summ/Tloc      #.........   100%        5
 Summon Mana Viper        Hex/Summ       #.......     100%        5
 Conjure Ball Lightning   Conj/Air       #.........   100%        6
 Dispersal                Tloc           #.........   100%        6
 Eringya's Noxious Bog    Tmut/Pois      #.........   100%        6
 Invisibility             Hex            #.......     100%        6
 Iron Shot                Conj/Erth      #.........   100%        6
 Shadow Creatures         Summ           N/A          100%        6
 Starburst                Conj/Fire      #.........   100%        6
 Statue Form              Tmut/Erth      #........    100%        6
 Dragon Form              Tmut           #.........   100%        7
 Haunt                    Necr/Summ      #.........   100%        7
 Orb of Destruction       Conj           #.........   100%        7
 Spellforged Servitor     Conj/Summ      #.........   100%        7
 Summon Hydra             Summ           #.........   100%        7
 Borgnjor's Revivificati  Necr           #.........   100%        8
 Ignition                 Fire           #.........   100%        8
 Infestation              Necr           #.........   100%        8
 Necromutation            Tmut/Necr      #.........   100%        8
 Death's Door             Necr           #.........   100%        9
 Dragon's Call            Summ           #.........   100%        9
 Shatter                  Erth           #.........   100%        9
 Tornado                  Air            #.........   100%        9


Dungeon Overview and Level Annotations

Branches:
Dungeon (15/15)            Temple (1/1) D:7            Lair (6/6) D:8
  Swamp (4/4) Lair:3        Snake (4/4) Lair:4        Slime (5/5) Lair:5
    Orc (2/2) D:10            Elf (3/3) Orc:2        Vaults (5/5) D:14
  Crypt (0/3) Vaults:3     Depths (4/5) D:15          IceCv (visited)

Altars:
Ashenzari
Cheibriados
Dithmenos
Elyvilon
Fedhas
Gozag
Hepliaklqana
Kikubaaqudgha
Makhleb
Nemelex Xobeh
Okawaru
Qazlal
Ru
Sif Muna
Trog
Uskayaw
Vehumet
Wu Jian
Xom
Yredelemnul
Zin
The Shining One
Beogh
Jiyva

Shops:
D:5 [   D:10 :   Orc:1 =   Orc:2 ![(![   Elf:1 =   Elf:2 ?   Snake:2 !
Snake:3 [*[*   Vaults:1 (   Vaults:2 :   Vaults:4 [   Vaults:5 !:!!!?
Depths:1 *

Portals:
Hell: Depths:1 Depths:2 Depths:3 Depths:4
Abyss: Depths:1 Depths:2 Depths:4
Pandemonium: Depths:3
Ziggurat: Depths:2
Trove: Elf:3 (give horn of Geryon)

Annotations:
D:7 1 runed translucent door, hofbold's ghost, novice DENe
D:12 2 transporters, Armakuni's ghost, journeyman DsDe
Lair:1 exclusion: 3 oklob plants
Lair:2 exclusion: 3 oklob plants
Swamp:1 Roxanne
Slime:5 Royal Jelly
Orc:2 1 runed translucent door, Drevant2's ghost, journeyman DsBr
Depths:3 1 runed translucent door, exclusion: downstairs


Innate Abilities, Weirdness & Mutations

You are too large for most types of armour.
You have claws for hands.
Your natural rate of healing is unusually fast.
You are covered in fur. (AC +1)
You have extremely tough skin. (AC +3)
You are partially covered in molten scales. (AC +2)
You are agile. (Dex +2)
Your flesh is cold resistant. (rC+)
Your body sometimes deteriorates upon taking damage.
Potions are less effective at restoring your health.


Message History

The death ooze is lightly damaged.
The Royal Jelly is engulfed in blazing flames.
Flame seeps out of the Royal Jelly.
You block the Royal Jelly's attack.
The Royal Jelly shudders.
The Royal Jelly spits out another jelly.
You block the Royal Jelly's attack.
The death ooze is engulfed in blazing flames.
The death ooze hits you but does no damage.
The death ooze hits you!
* * * LOW HITPOINT WARNING * * *
Your system partially rejects the healing.
You feel much better. You block the death ooze's attack. x2
The Royal Jelly hits you!!
* * * LOW HITPOINT WARNING * * *
You are splashed with acid.
You resist.
* * * LOW HITPOINT WARNING * * *
The Royal Jelly hits you.
* * * LOW HITPOINT WARNING * * *
The acid corrodes you!
You are splashed with acid.
You resist.
You die...

.# ##....................##
.#####....................#
.........................##
..........................##
.........................#.#
...........................#
...............J.........###
..............JJJ☼.....#.#
...............J@..☼..####
...............J.○§...#
...............☼○°§§#.#
..................○.###
...................##
..................##
..................#
...............#.##
..............####


You could see the Royal Jelly (inner flame), an acid blob and 4 death oozes.

Vanquished Creatures
  The ghost of Iqesejac the Cloud Mage, a legendary TeAr of Vehumet (Vaults:2)
  2 juggernauts
  Bai Suzhen (Depths:1)
  Vashnia (Snake:3)
  Saint Roka (Orc:2)
  Xtahua (Depths:3)
  Nikola (Snake:3)
  the Enchantress (Depths:1)
  4 golden dragons
  The ghost of Plog the Tortoise, an adept DDFi of Makhleb (Vaults:1)
  An iron giant (shapeshifter) (Depths:4)
  Jorgrun (Snake:2)
  7 tentacled monstrosities
  A titan (Depths:3)
  4 liches
  2 quicksilver dragons (Vaults:5)
  Asterion (Snake:3)
  23 acid blobs
  2 deep elf blademasters (Elf:3)
  2 deep elf master archers (Elf:3)
  6 sphinxes
  6 shadow dragons
  3 thorn hunters
  A storm dragon (shapeshifter) (Vaults:1)
  11 tengu reavers
  12 azure jellies
  4 storm dragons
  The ghost of Plog the Eviscerator, an adept FeBe of Trog (Vaults:4)
  The ghost of Plog the Eviscerator, an adept FeBe of Trog (Vaults:1)
  The ghost of Plog the Eviscerator, an adept FeBe of Trog (Vaults:1)
  7 nagarajas (Snake:4)
  7 deep elf sorcerers
  12 fire giants
  18 frost giants
  An orc warlord (Orc:1)
  20 vault wardens
  2 iron dragons
  Aizul (Snake:3)
  8 ironheart preservers
  Louise (Depths:1)
  9 deep elf elementalists
  7 very ugly things
  25 stone giants
  4 war gargoyles
  7 spriggan defenders
  A stone giant (shapeshifter) (Depths:3)
  4 deep elf demonologists
  5 vampire knights
  6 deep elf annihilators
  10 deep elf death magi
  3 spark wasps (Depths:3)
  2 merfolk javelineers (Depths:4)
  A merfolk impaler (Depths:4)
  20 ettins
  6 death oozes
  Josephine (D:11)
  Snorg (D:13)
  14 great orbs of eyes
  22 yaktaur captains
  9 fire dragons
  5 deep elf high priests
  31 vault guards
  The ghost of Gaat the Fighter, a journeyman GnAK of Lugonu (Lair:1)
  15 ice dragons
  10 boulder beetles
  8 rakshasas
  13 hydras
  Harold (D:11)
  5 spriggan air magi
  3 shambling mangroves
  21 anacondas
  9 centaur warriors
  A ghost crab (Swamp:2)
  11 alligators
  3 death knights
  11 naga warriors
  26 two-headed ogres
  2 catoblepae
  15 deep troll shamans
  30 dancing weapons
  8 ogre magi
  A satyr (shapeshifter) (Depths:3)
  8 tengu warriors
  Urug (D:11)
  8 orc high priests
  4 shock serpents
  A titan zombie (Vaults:5)
  9 deep troll earth magi
  14 spriggan berserkers
  A vampire mage (Depths:3)
  19 deep elf knights
  17 naga sharpshooters
  3 spriggans
  A salamander mystic (Snake:4)
  12 hell knights
  8 skeletal warriors (Vaults:3)
  An iron troll (Depths:4)
  3 unseen horrors
  24 deep trolls
  A fire crab (Depths:4)
  2 spriggan druids
  7 glowing orange brains
  A death drake (shapeshifter) (Depths:1)
  A shadow wraith (Vaults:2)
  4 flayed ghosts
  9 wizards
  A tengu zombie (Vaults:2)
  3 large abominations (Elf:3)
  8 naga ritualists
  11 swamp dragons
  A lindwurm (shapeshifter) (Vaults:1)
  9 lindwurms
  A wolf spider zombie (D:11)
  3 phantasmal warriors
  12 necromancers
  9 mana vipers
  61 deep elf magi
  22 ironbrand convokers
  23 orc knights
  21 ugly things
  8 orc sorcerers
  A fire giant zombie (Vaults:4)
  9 deep elf archers
  2 wolf spiders (shapeshifter)
  4 wolf spiders
  A tengu skeleton (Vaults:5)
  The ghost of Banto the Basher, a novice HuGl (D:5)
  6 shining eyes
  5 cyclopes
  2 manticores
  11 salamanders
  2 salamanders (shapeshifter)
  2 rust devils (D:14)
  A manticore (shapeshifter) (Vaults:5)
  A stone giant zombie (Vaults:2)
  26 black mambas
  A frost giant skeleton (Vaults:3)
  3 fire giant skeletons (Vaults:3)
  10 elephants
  An orange demon (D:14)
  A moth of wrath (Lair:1)
  2 ice statues (IceCv)
  A stone giant skeleton (Vaults:2)
  4 molten gargoyles
  A gargoyle (D:10)
  16 naga magi
  13 guardian serpents
  17 vault sentinels
  19 cane toads
  5 eyes of devastation
  A kobold demonologist (D:15)
  8 freezing wraiths
  A small abomination (Elf:3)
  A demonic crawler (Lair:4)
  4 rime drakes
  A yaktaur (shapeshifter) (Vaults:5)
  Maggie (D:9)
  8 komodo dragons
  2 tengu conjurers
  63 yaktaurs
  4 yaktaur skeletons
  An elf skeleton (Vaults:5)
  6 human skeletons
  2 merfolk (shapeshifter)
  16 polar bears
  9 tyrant leeches
  A troll (shapeshifter) (Vaults:4)
  6 trolls
  A hornet (shapeshifter) (Vaults:4)
  19 blink frogs
  11 hornets
  118 slime creatures
  12 bog bodies
  A stone giant simulacrum (Vaults:2)
  5 dream sheep (Lair:6)
  A frost giant simulacrum (Vaults:2)
  A fire giant simulacrum (Vaults:2)
  4 air elementals
  A spriggan (shapeshifter) (Vaults:1)
  2 shadows (Swamp:2)
  An ettin skeleton (Vaults:3)
  Sigmund (D:2)
  10 water elementals
  A fire bat (shapeshifter) (Vaults:5)
  A vampire (D:10)
  5 wyverns
  5 basilisks
  59 yaks
  A yak (shapeshifter) (Vaults:3)
  4 fire elementals
  16 humans (D:13)
  7 wraiths
  A basilisk (shapeshifter) (Depths:3)
  6 fire bats
  A hog (shapeshifter) (Depths:3)
  2 golden eyes (Slime:3)
  Menkaure (D:3)
  A steam dragon (D:10)
  20 vampire mosquitoes
  16 swamp worms
  A deep troll zombie (Vaults:5)
  3 insubstantial wisps (Swamp:2)
  50 nagas
  12 wargs
  2 acid dragons (Vaults:2)
  10 water moccasins
  A floating eye (Lair:1)
  10 hell hounds
  2 human zombies
  A deep troll skeleton (Vaults:4)
  5 swamp drakes
  3 sky beasts
  An elf zombie (Vaults:4)
  5 eyes of draining
  14 ice beasts
  5 black bears
  15 ogres
  56 orc warriors
  3 phantoms
  A necrophage (D:5)
  An ettin simulacrum (Vaults:2)
  An orc zombie (Vaults:2)
  A boggart (shapeshifter) (D:15)
  9 wolves
  5 boggarts
  A tengu (shapeshifter) (Depths:1)
  14 centaurs
  5 big kobolds
  A big kobold (shapeshifter) (Vaults:1)
  25 bullfrogs
  4 earth elementals
  A water moccasin zombie (D:11)
  4 scorpions
  A hornet simulacrum (D:15)
  A wyvern skeleton (D:13)
  3 human simulacra
  9 killer bees
  2 howler monkeys
  13 wights
  2 electric eels (Lair:3)
  4 lava snakes
  A quasit (D:8)
  5 centaur zombies
  3 jellies
  5 centaur skeletons
  61 orc priests
  9 hounds
  25 orc wizards
  Jessica (D:2)
  2 bullfrog skeletons
  2 iguanas
  Ijyb (D:5)
  7 hell rats (Lair:4)
  9 worker ants
  A howler monkey zombie (D:5)
  7 gnolls
  9 adders
  9 shadow imps
  3 oozes
  3 ufetubi
  An adder skeleton (D:3)
  A worm (D:3)
  3 dart slugs
  5 leopard geckos
  125 orcs
  3 bats
  11 giant cockroaches
  8 goblins
  8 hobgoblins
  11 jackals
  51 kobolds
  5 quokkas
  A ball python (D:1)
  5 frilled lizards
  A leopard gecko skeleton (D:4)
  10 rats
  4 crawling corpses
2281 creatures vanquished.

Vanquished Creatures (collateral kills)
  A shadow dragon (Vaults:5)
  2 nagarajas (Snake:4)
  A fire giant (Vaults:5)
  An ettin (Vaults:5)
  A deep elf death mage (Elf:3)
  2 yaktaur captains
  A deep elf high priest (Elf:3)
  6 hydras
  An ice dragon (Depths:4)
  A dancing weapon (Elf:3)
  A deep troll shaman (Depths:4)
  A salamander mystic (Depths:4)
  A deep troll (Depths:4)
  A phantasmal warrior (Vaults:5)
  A wizard (Depths:4)
  An ironbrand convoker (Vaults:5)
  A deep elf mage (Vaults:5)
  A salamander (Depths:4)
  An elephant (Lair:6)
  An ugly thing (Depths:4)
  A black mamba (Snake:4)
  A yaktaur (Depths:4)
  A polar bear (IceCv)
  2 slime creatures (Swamp:1)
  A tarantella (shapeshifter) (Depths:4)
  A basilisk (Lair:6)
  2 wyverns
  2 nagas (Snake:4)
  A hell hound (Lair:6)
  A big kobold (D:12)
  A white imp (Depths:4)
  3 orcs (D:11)
44 creatures vanquished.

Vanquished Creatures (others)
  A lich (Depths:3)
  A deep elf demonologist (Elf:3)
  A hydra (Swamp:4)
  A spriggan air mage (Depths:1)
  An ogre mage (Vaults:5)
  A black mamba (Snake:4)
  A polar bear (IceCv)
  A spriggan (Depths:1)
  A black bear (shapeshifter) (Vaults:5)
  A centaur (D:9)
  3 briar patches (Swamp:1)
  23 fungi
  67 plants
  2 withered plants (Vaults:2)
105 creatures vanquished.

Grand Total: 2430 creatures vanquished

Notes
Turn   | Place    | Note
-------+----------+-------------------------------------------
     0 | D:1      | Napalmbreeze the Troll Fighter began the quest for the Orb.
     0 | D:1      | Reached XP level 1. HP: 22/22 MP: 0/0
    60 | D:1      | Reached XP level 2. HP: 29/29 MP: 1/1
   139 | D:1      | Reached XP level 3. HP: 35/36 MP: 2/2
   698 | D:1      | Reached XP level 4. HP: 11/45 MP: 3/3
   770 | D:2      | Reached skill level 3 in Unarmed Combat
   791 | D:2      | Found a faded altar of an unknown god.
   870 | D:2      | Reached XP level 5. HP: 53/53 MP: 4/4
   913 | D:2      | Noticed Sigmund
   957 | D:2      | Killed Sigmund
   957 | D:2      | Reached skill level 4 in Unarmed Combat
   957 | D:2      | Reached XP level 6. HP: 7/62 MP: 5/5
  1240 | D:2      | Noticed Jessica
  1242 | D:2      | Killed Jessica
  1421 | D:2      | Found an opulent altar of Gozag.
  1578 | D:3      | Found a transporter.
  1578 | D:3      | Found an ancient bone altar of Kikubaaqudgha.
  1896 | D:3      | Found a transporter.
  1954 | D:3      | Noticed Menkaure
  1957 | D:3      | Found a basalt altar of Yredelemnul.
  2265 | D:4      | Reached XP level 7. HP: 69/70 MP: 6/6
  2737 | D:5      | Entered Level 5 of the Dungeon
  2747 | D:5      | Noticed Ijyb
  2771 | D:5      | Killed Ijyb
  2820 | D:5      | Reached skill level 5 in Unarmed Combat
  3015 | D:5      | Noticed Banto's ghost (novice HuGl)
  3020 | D:5      | Found a runed translucent gate.
  3020 | D:5      | Found a runed translucent gate.
  3020 | D:5      | Found a runed translucent gate.
  3181 | D:5      | Found Cichesaor's Armour Boutique.
  3434 | D:5      | Reached skill level 5 in Fighting
  3434 | D:5      | Reached skill level 5 in Shields
  3710 | D:5      | Reached skill level 6 in Unarmed Combat
  3710 | D:5      | Reached XP level 8. HP: 69/80 MP: 7/7
  4132 | D:6      | Reached skill level 7 in Unarmed Combat
  4689 | D:7      | Reached skill level 8 in Unarmed Combat
  4832 | D:7      | Found an ornate altar of the Wu Jian Council.
  4883 | D:7      | Reached XP level 9. HP: 64/88 MP: 8/8
  4885 | D:7      | Reached skill level 9 in Unarmed Combat
  4997 | D:7      | Found a staircase to the Ecumenical Temple.
  5015 | Temple   | Entered the Ecumenical Temple
  5078 | Temple   | Became a worshipper of Makhleb the Destroyer
  5194 | D:7      | Found a runed translucent door.
  5195 | D:7      | Found a shimmering altar of Xom.
  5195 | D:7      | Noticed hofbold's ghost (novice DENe)
  5195 | D:7      | Noticed a +2 hand axe of chaos
  5613 | D:5      | Reached * piety under Makhleb
  5613 | D:5      | Reached skill level 10 in Unarmed Combat
  5824 | D:3      | Killed Menkaure
  5922 | D:5      | Killed Banto's ghost
  6135 | D:8      | Reached skill level 11 in Unarmed Combat
  6154 | D:8      | Reached XP level 10. HP: 89/100 MP: 9/9
  6158 | D:8      | Found a staircase to the Lair.
  6171 | D:8      | Reached ** piety under Makhleb
  6206 | D:8      | Noticed a lindwurm
  6206 | D:8      | Noticed a lindwurm
  6409 | D:8      | Noticed a two-headed ogre
  6421 | D:8      | Killed a two-headed ogre
  6530 | D:8      | Noticed a lindwurm
  6541 | D:8      | Noticed a lindwurm
  6577 | D:8      | Found a snail-covered altar of Cheibriados.
  6895 | D:9      | Reached skill level 12 in Unarmed Combat
  6903 | D:9      | Reached skill level 1 in Invocations
  7122 | D:9      | Noticed a two-headed ogre
  7314 | D:8      | Reached *** piety under Makhleb
  7434 | D:9      | Noticed Maggie
  7434 | D:9      | Noticed a green ugly thing
  7451 | D:9      | Killed a green ugly thing
  7458 | D:9      | Killed Maggie
  7860 | D:10     | Entered Level 10 of the Dungeon
  7864 | D:10     | Found Jayllul's Book Shop.
  7869 | D:10     | Noticed a two-headed ogre
  7888 | D:10     | Killed a two-headed ogre
  7888 | D:10     | Reached XP level 11. HP: 44/111 MP: 11/13
  8055 | D:10     | Noticed a two-headed ogre
  8071 | D:10     | Killed a two-headed ogre
  8228 | D:10     | Found a staircase to the Orcish Mines.
  8454 | D:11     | Noticed Harold
  8472 | D:11     | Killed Harold
  8472 | D:11     | Reached skill level 5 in Invocations
  8656 | D:11     | Found a glowing golden altar of the Shining One.
  8685 | D:11     | Noticed Urug
  8685 | D:11     | Noticed Josephine
  8990 | D:11     | Noticed a seven-headed hydra
  9002 | D:11     | Killed a seven-headed hydra
  9039 | D:11     | Found a roughly hewn altar of Beogh.
  9055 | D:11     | Reached **** piety under Makhleb
  9177 | D:11     | Killed Josephine
  9289 | D:11     | Killed Urug
  9345 | D:11     | Noticed a boulder beetle
  9370 | D:10     | Killed a boulder beetle
  9721 | D:12     | Killed an unseen horror
  9721 | D:12     | Reached XP level 12. HP: 122/122 MP: 15/15
  9732 | D:12     | Noticed a four-headed hydra
  9744 | D:12     | Killed a four-headed hydra
  9898 | D:12     | Noticed a two-headed ogre
  9905 | D:12     | Killed a two-headed ogre
 10001 | D:12     | Reached skill level 1 in Throwing
 10109 | D:12     | Noticed a death knight
 10120 | D:12     | Killed a death knight
 10129 | D:12     | Found a transporter.
 10131 | D:12     | Found a transporter.
 10135 | D:12     | Got a transparent great sword
 10262 | D:12     | Identified the cursed +0 morningstar "Worm" {antimagic,
                  | Int+4}
 10262 | D:12     | Noticed a tengu warrior
 10262 | D:12     | Noticed a boulder beetle
 10263 | D:12     | Noticed Armakuni's ghost (journeyman DsDe)
 10264 | D:12     | Identified the cursed +0 great sword of the Solstice
                  | {antimagic, rElec rPois Str+4}
 10264 | D:12     | Noticed a tengu warrior
 10287 | D:12     | Killed a boulder beetle
 10290 | D:12     | Found a bloodstained altar of Trog.
 10328 | D:12     | Noticed a boulder beetle
 10340 | D:12     | Killed a boulder beetle
 10959 | Lair:1   | Entered Level 1 of the Lair of Beasts
 11081 | Lair:1   | Reached skill level 13 in Unarmed Combat
 11108 | Lair:1   | Reached skill level 5 in Throwing
 11290 | D:5      | Bought a scarf of resistance for 352 gold pieces
 11609 | Lair:1   | Found a transporter.
 11613 | Lair:1   | Noticed Gaat's ghost (journeyman GnAK)
 12368 | Lair:2   | Found a frozen archway.
 12621 | IceCv    | Entered an ice cave
 12630 | IceCv    | Reached ***** piety under Makhleb
 12735 | IceCv    | Reached XP level 13. HP: 132/132 MP: 16/16
 13023 | IceCv    | Reached skill level 10 in Fighting
 13052 | IceCv    | Noticed a frost giant
 13089 | IceCv    | Killed a frost giant
 13091 | IceCv    | Reached skill level 14 in Unarmed Combat
 14610 | Lair:3   | Reached skill level 15 in Unarmed Combat
 14899 | Lair:3   | Found a staircase to the Swamp.
 15108 | Lair:3   | Identified a scroll of acquirement
 16262 | Lair:4   | Found a staircase to the Snake Pit.
 16264 | Lair:4   | Reached ****** piety under Makhleb
 16449 | Lair:4   | Reached XP level 14. HP: 144/144 MP: 18/18
 16509 | Lair:4   | Got a shimmering iron amulet
 16522 | Lair:4   | Identified the amulet "Xuac" {Inacc rElec Dex+5} (You found
                  | it on level 4 of the Lair of Beasts)
 17266 | Lair:5   | Found a staircase to the Slime Pits.
 18109 | Lair:5   | Reached skill level 5 in Dodging
 18135 | Lair:6   | Entered Level 6 of the Lair of Beasts
 18901 | Lair:6   | Acquired a +2 tower shield of protection
 19376 | Lair:6   | Found a large runed translucent door.
 19376 | Lair:6   | Found a large runed translucent door.
 19851 | Lair:1   | Identified the +5 great sword of Doom {speed, rC+ Stlth+}
                  | (You found it on level 12 of the Dungeon)
 20383 | D:13     | Noticed Snorg
 20391 | D:13     | Killed Snorg
 20589 | D:14     | Found a gate to the Vaults.
 20596 | D:13     | Reached skill level 10 in Shields
 21257 | D:14     | Reached XP level 15. HP: 156/156 MP: 20/20
 21358 | D:14     | Found a runed translucent door.
 21854 | D:14     | Got a shimmering glass ring
 21856 | D:14     | Identified the ring of Iveed {Ice Str+5} (You found it on
                  | level 14 of the Dungeon)
 21978 | D:15     | Entered Level 15 of the Dungeon
 22250 | D:15     | Found a staircase to the Depths.
 22791 | Snake:1  | Entered Level 1 of the Snake Pit
 23360 | Snake:1  | Reached skill level 16 in Unarmed Combat
 24191 | Snake:2  | Noticed Jorgrun
 24206 | Snake:2  | Killed Jorgrun
 24206 | Snake:2  | Reached XP level 16. HP: 120/167 MP: 21/21
 24253 | Snake:2  | Got a shimmering robe
 24264 | Snake:2  | Identified the cursed +0 robe of Noughts and Crosses {rElec
                  | rF+ rC+} (You found it on level 2 of the Snake Pit)
 24521 | Snake:2  | Found Raannam's Distillery.
 24533 | Snake:2  | Bought a potion of degeneration for 20 gold pieces
 25107 | Lair:1   | Killed Gaat's ghost
 25112 | Lair:1   | Found a transporter.
 25329 | Snake:3  | Found an ornate altar of the Wu Jian Council.
 25331 | Snake:3  | Found Xuganoch's Armour Shoppe.
 25332 | Snake:3  | Found Giclimn's General Store.
 25332 | Snake:3  | Found Hetuc's Antique Armour Emporium.
 25335 | Snake:3  | Found Qerufod's Assorted Antiques.
 25352 | Snake:3  | Bought the +0 mask of the Dragon {MR+ Slay+3 SInv} for 467
                  | gold pieces
 25352 | Snake:3  | Found the +0 mask of the Dragon {MR+ Slay+3 SInv}
 25416 | Snake:3  | Noticed Asterion
 25425 | Snake:3  | Noticed Vashnia
 25426 | Snake:3  | Killed Asterion
 25437 | Snake:3  | HP: 5/167 [naga sharpshooter/bolt[Vashnia] (27)]
 25440 | Snake:4  | Entered Level 4 of the Snake Pit
 25783 | Snake:3  | Killed Vashnia
 26064 | Snake:3  | Noticed Nikola
 26078 | Snake:3  | Killed Nikola
 26335 | Snake:3  | Noticed Aizul
 26374 | Snake:3  | HP: 3/170 [Aizul/bolt of poison (8)]
 26378 | Snake:3  | Killed Aizul
 27569 | Snake:4  | Acquired 646 gold pieces
 27967 | Snake:4  | Reached XP level 17. HP: 169/178 MP: 22/22
 28699 | Orc:1    | Entered Level 1 of the Orcish Mines
 29021 | Orc:1    | Found a roughly hewn altar of Beogh.
 29196 | Orc:2    | Entered Level 2 of the Orcish Mines
 29196 | Orc:2    | Found Sihokhla's Distillery.
 29301 | Orc:1    | Found Qaitho's Jewellery Shoppe.
 29620 | Orc:2    | Gained mutation: Your magical capacity is low. (-10% MP) [a
                  | neqoxec]
 29665 | Orc:2    | Found Umpuonic's Distillery.
 29692 | Orc:2    | Found Vutoc's Armour Shoppe.
 29808 | Orc:2    | Found a runed translucent door.
 29809 | Orc:2    | Noticed Drevant2's ghost (journeyman DsBr)
 29818 | Orc:2    | Reached skill level 15 in Shields
 29910 | Orc:2    | Found a roughly hewn altar of Beogh.
 30120 | Orc:2    | Found a radiant altar of Vehumet.
 30152 | Orc:2    | Found a staircase to the Elven Halls.
 30204 | Orc:2    | Noticed Saint Roka
 30245 | Orc:2    | Killed Saint Roka
 30407 | Orc:2    | Found Mojosed's Antique Armour Shop.
 30439 | Orc:2    | Found Guigeo's Antique Weapon Shoppe.
 30534 | Orc:1    | Bought the ring of Xom's Recklessness {+Blink rElec Str+6}
                  | for 1351 gold pieces
 30534 | Orc:1    | Bought the amulet of Xom's Sleight of Hands {Acrobat *Drain
                  | rF++ rC+++} for 1426 gold pieces
 30556 | Orc:1    | Acquired 660 gold pieces
 30720 | D:5      | Bought +2 shadow dragon scales for 1012 gold pieces
 30935 | Swamp:1  | Entered Level 1 of the Swamp
 30988 | Swamp:1  | Reached skill level 1 in Armour
 31369 | Swamp:1  | Identified Roxanne's Grimoire of Transmutation
 31369 | Swamp:1  | Noticed Roxanne
 31957 | Swamp:2  | Lost mutation: Your magical capacity is low. (-10% MP)
                  | [potion of mutation]
 31957 | Swamp:2  | Gained mutation: Potions are less effective at restoring
                  | your health. [potion of mutation]
 31957 | Swamp:2  | Gained mutation: You are partially covered in molten
                  | scales. (AC +2) [potion of mutation]
 31957 | Swamp:2  | Gained mutation: You are agile. (Dex +2) [potion of
                  | mutation]
 32765 | Swamp:4  | Entered Level 4 of the Swamp
 32928 | Swamp:3  | Reached skill level 5 in Armour
 32977 | Swamp:4  | Reached XP level 18. HP: 149/191 MP: 23/23
 33318 | Swamp:4  | Got a decaying rune of Zot
 33957 | Snake:4  | Reached skill level 17 in Unarmed Combat
 34675 | Snake:4  | Reached skill level 15 in Fighting
 34865 | Snake:4  | Got a serpentine rune of Zot
 35189 | Vaults:1 | Entered Level 1 of the Vaults
 35199 | Vaults:1 | Found Vueghoec's Weapon Shoppe.
 35991 | Vaults:1 | Reached XP level 19. HP: 201/201 MP: 24/24
 36570 | Vaults:2 | Reached skill level 10 in Armour
 36949 | Vaults:2 | Reached skill level 18 in Unarmed Combat
 37180 | Vaults:2 | Found Zuig's Book Emporium.
 37249 | Vaults:2 | Found a runed translucent gate.
 37249 | Vaults:2 | Found a runed translucent gate.
 37249 | Vaults:2 | Found a runed translucent gate.
 37249 | Vaults:2 | Noticed Plog's ghost (adept FeBe)
 37249 | Vaults:2 | Noticed Iqesejac's ghost (legendary TeAr)
 37250 | Vaults:2 | Noticed Plog's ghost (adept DDFi)
 37250 | Vaults:2 | Noticed Plog's ghost (adept FeBe)
 37288 | Vaults:1 | Killed Plog's ghost
 37307 | Vaults:1 | Killed Plog's ghost
 37426 | Vaults:1 | Killed Plog's ghost
 37448 | Vaults:2 | Killed Iqesejac's ghost
 37466 | Vaults:2 | Got a shimmering tin ring
 37467 | Vaults:2 | Identified the ring of Emadol {rN+ rCorr Dex+4} (You found
                  | it on level 2 of the Vaults)
 38329 | Vaults:3 | Reached skill level 10 in Invocations
 38422 | Vaults:3 | Found a shimmering blue altar of Sif Muna.
 38555 | Vaults:3 | Found a staircase to the Crypt.
 38879 | Vaults:3 | Reached XP level 20. HP: 210/210 MP: 27/27
 39084 | Vaults:3 | Identified the ring "Fusaomou" {rElec rN+ MP+9}
 39832 | Vaults:4 | Found a runed translucent door.
 39835 | Vaults:4 | Noticed Plog's ghost (adept FeBe)
 40047 | Vaults:4 | Found Pevethal's Antique Armour Boutique.
 40725 | Vaults:4 | Found the +5 robe of Misfortune {*Contam Harm *Corrode
                  | *Drain *Slow EV+5}
 41245 | Vaults:4 | Killed Plog's ghost
 41488 | Elf:1    | Entered Level 1 of the Elven Halls
 41548 | Elf:1    | Acquired a manual of Invocations
 41556 | Elf:1    | Reached XP level 21. HP: 219/219 MP: 30/30
 42255 | Elf:1    | Reached skill level 15 in Invocations
 42379 | Elf:1    | Found Pag Xiap's Jewellery Shoppe.
 42817 | Elf:2    | Found a shimmering blue altar of Sif Muna.
 42864 | Elf:2    | Found Ucedeat's Magic Scroll Boutique.
 42873 | Elf:2    | Bought a scroll of fog for 32 gold pieces
 42901 | Elf:2    | Found a huge runed translucent gate.
 42901 | Elf:2    | Found a huge runed translucent gate.
 42901 | Elf:2    | Found a huge runed translucent gate.
 42901 | Elf:2    | Found a huge runed translucent gate.
 42905 | Elf:2    | Found a huge runed translucent gate.
 43385 | Elf:2    | Reached skill level 19 in Unarmed Combat
 43726 | Elf:3    | Entered Level 3 of the Elven Halls
 44104 | Elf:3    | Found a portal to a secret trove of treasure.
 44356 | Elf:3    | Identified the ring "Jeodgheu" {+Blink rF+ Stlth+}
 44586 | Elf:3    | Identified the +6 plate armour of the Enchanted Forest
                  | {*Contam Rampage Dex+3 Stlth+}
 44879 | Elf:3    | Found a portal to a secret trove of treasure.
 45184 | Elf:3    | Identified the +2 quarterstaff of the Endless Expanse
                  | {drain, rC+ Int-2 Dex+6 Stlth+}
 45313 | Elf:3    | Found the +3 pair of gauntlets of War {Slay+5}
 45317 | Elf:3    | Found the +0 sword of Power
 45335 | Elf:3    | Identified Sif Muna's Compendium of the Traveller and
                  | Unholy Rites
 45380 | Elf:3    | Identified the Reference Book on Creative Ignition
 45647 | Elf:3    | Found a portal to a secret trove of treasure.
 46170 | Depths:1 | Entered Level 1 of the Depths
 46198 | Depths:1 | Reached XP level 22. HP: 231/231 MP: 33/33
 46357 | Depths:1 | Noticed the Enchantress
 46407 | Depths:1 | Noticed Bai Suzhen
 46448 | Depths:1 | Killed the Enchantress
 46453 | Depths:1 | Killed Bai Suzhen
 46530 | Depths:1 | Found a gateway to Hell.
 46734 | Depths:1 | You fall into a shaft and drop 1 floor!
 46804 | Depths:2 | Found a one-way gate to the infinite horrors of the Abyss.
 46835 | Depths:1 | Reached skill level 20 in Unarmed Combat
 46859 | Depths:1 | You fall into a shaft and drop 1 floor!
 46865 | Depths:2 | Found a gateway to a ziggurat.
 46902 | Depths:1 | Noticed Louise
 46910 | Depths:1 | Found Aitti's Alliterative Accessories.
 46912 | Depths:1 | Killed Louise
 46923 | Depths:1 | Bought a manual of Armour for 1435 gold pieces
 47829 | Depths:3 | Found a one-way gate leading to the halls of Pandemonium.
 47838 | Depths:3 | Noticed Xtahua
 47867 | Depths:3 | Killed Xtahua
 48145 | Depths:3 | Reached XP level 23. HP: 244/244 MP: 35/35
 48208 | Depths:3 | Reached skill level 15 in Armour
 48606 | Depths:3 | Found a runed translucent door.
 48606 | Depths:3 | Noticed a juggernaut
 48608 | Depths:3 | Found a runed translucent door.
 48620 | Depths:3 | Killed a juggernaut
 49051 | Depths:3 | Identified the +10 great sword of Shrieking Tortfeasance
                  | {holy, +Blink +Inv rN+}
 49347 | Depths:3 | Found a blossoming altar of Fedhas.
 49934 | Depths:4 | Reached XP level 24. HP: 262/262 MP: 35/35
 50260 | Depths:4 | Identified the Volume of the Arsonist
 50825 | Depths:4 | Noticed a juggernaut
 50839 | Depths:4 | Killed a juggernaut
 50921 | Depths:4 | Identified the Handbook of Weightlessness
 51232 | Lair:1   | Acquired 806 gold pieces
 51234 | Lair:1   | Acquired the ring "Paecsol" {rCorr Dex+5}
 51430 | Vaults:5 | Entered Level 5 of the Vaults
 51492 | Vaults:5 | Reached skill level 21 in Unarmed Combat
 51848 | Vaults:5 | Reached XP level 25. HP: 273/273 MP: 35/35
 51897 | Vaults:5 | Reached skill level 22 in Unarmed Combat
 51910 | Vaults:5 | Reached skill level 10 in Throwing
 52242 | Vaults:5 | Found the cursed +13 scythe of Curses {drain, *Curse}
 52249 | Vaults:5 | Got a fine cloak
 52260 | Vaults:5 | Identified the cursed +0 cloak "Cukyig" {MR+ Stlth+} (You
                  | found it on level 5 of the Vaults)
 52356 | Vaults:5 | Found the +4 moon troll leather armour {Spirit, Regen++
                  | MP+5}
 52370 | Vaults:5 | Got a silver rune of Zot
 52371 | Vaults:5 | Identified Pasew's Tome of Glacial Toxins
 52676 | Vaults:5 | Found Osuag's Distillery.
 52680 | Vaults:5 | Bought a potion of heal wounds for 85 gold pieces
 52680 | Vaults:5 | Bought a potion of heal wounds for 85 gold pieces
 52698 | Vaults:5 | Found Tuomil's Distillery.
 52702 | Vaults:5 | Bought a potion of resistance for 120 gold pieces
 52702 | Vaults:5 | Bought a potion of heal wounds for 60 gold pieces
 52702 | Vaults:5 | Bought a potion of lignification for 36 gold pieces
 52712 | Vaults:5 | Found Fioqufea's Book Shoppe.
 52730 | Vaults:5 | Found Hugonaad's Magic Scroll Boutique.
 52734 | Vaults:5 | Bought 3 scrolls of enchant armour for 360 gold pieces
 52734 | Vaults:5 | Bought a scroll of blinking for 120 gold pieces
 52734 | Vaults:5 | Bought a scroll of blinking for 120 gold pieces
 52734 | Vaults:5 | Bought a scroll of enchant armour for 120 gold pieces
 52734 | Vaults:5 | Bought a scroll of enchant armour for 120 gold pieces
 52734 | Vaults:5 | Bought a scroll of blinking for 120 gold pieces
 52767 | Vaults:5 | Found Qukous Sijo's Distillery.
 52772 | Vaults:5 | Bought a potion of heal wounds for 95 gold pieces
 52772 | Vaults:5 | Bought a potion of heal wounds for 95 gold pieces
 52783 | Vaults:5 | Found Puur's Distillery.
 52787 | Vaults:5 | Bought a potion of heal wounds for 100 gold pieces
 53116 | Slime:1  | Entered Level 1 of the Pits of Slime
 53944 | Slime:5  | Entered Level 5 of the Pits of Slime
 53953 | Slime:5  | Gained mutation: Your flesh is cold resistant. (rC+) [a
                  | shining eye]
 54207 | Slime:5  | Gained mutation: Your body sometimes deteriorates upon
                  | taking damage. [a shining eye]
 54337 | Slime:5  | Found a viscous altar of Jiyva.
 54532 | Slime:5  | Noticed the Royal Jelly
 54560 | Slime:5  | HP: 10/273 [the Royal Jelly (21)]
 54560 | Slime:5  | HP: 4/273 [the Royal Jelly (2)]
 54560 | Slime:5  | Splashed by the Royal Jelly's acid

Illustrated notes

Levels and vault maps discovered:
D:1:      roderic_dead_forest, layout_loops_ring
D:2:      layout_loops_cross, nicolae_gozag_cash_rules_everything_around_me,
          chequers_ecumenical_altar_simple_redux, uniq_sigmund, uniq_jessica
D:3:      layout_basic, gammafunk_temple_of_torment
D:4:      layout_cave_pools, serial_column_ruins, column_ruins_hut,
          column_ruins_hut, column_ruins_open_tiny, column_ruins_grid_1,
          column_ruins_columns_straight, column_ruins_corridor_straight,
          column_ruins_grid_1, kennysheep_generic_room_3
D:5:      minmay_goblin_kobold_castle, layout_basic, gammafunk_ghost_split,
          serial_shops, nicolae_shop_window_shopping, hangedman_decor_opposing,
          kennysheep_generic_room_4, uniq_ijyb
D:6:      layout_layer_cave
D:7:      layout_rooms, minmay_temple_entry_statues_pillars, basic_altar,
          ebering_ghost_xom
D:8:      layout_basic, lemuel_doored_altar, erik_lair_orcish_takeover,
          minmay_lindwurm_lava
D:9:      layout_roguey, lemuel_flame_loot_1, uniq_maggie
D:10:     layout_cave_pools, orc_0_dummy, serial_shops, nicolae_shop_crystal
D:11:     layout_roguey [special_room_orc], basic_altar, uniq_harold, uniq_urug,
          uniq_josephine
D:12:     layout_long_grid, gammafunk_ghost_wrathful_warriors
D:13:     layout_basic, interstate_on_off, uniq_snorg
D:14:     mludivico_vault, layout_basic, david_vaults_3
D:15:     grunt_enter_depths_snipers, layout_cross, serial_park_square3
          [serial_park_minivault_5x5_4]
Temple:   compressed_dpeg_circular_temple
Lair:1:   layout_layer_cave, gammafunk_ghost_berserking_beasts, disabler_island
Lair:2:   layout_roguey, portal_ice_cave_entry_ice_beasts,
          lemuel_another_geyser, minmay_lair_oklob_chamber,
          infiniplex_staircase_pool, lemuel_fruit_tree, grunt_megastairs_3
Lair:3:   layout_gridlike, nicolae_swamp_entry_splash_gauntlet,
          grunt_megastairs_4
Lair:4:   cheibrodos_lair_overgrown_chateau, layout_layer_cave,
          minmay_snake_entry_guardpost_medium, worms_lemuel
Lair:5:   layout_gridlike, nicolae_slime_entry_slimehenge, lemuel_fruit_fields
Lair:6:   cheibrodos_lair_end_hotspot, layout_regular_city, uniq_rupert
Swamp:1:  layout_falls_marsh, hangedman_swamp_blocks, uniq_roxanne
Swamp:2:  layout_basic_swamp, nicolae_swamp_round_clearing
Swamp:3:  layout_basic_swamp, infiniplex_staircase_pool_2
Swamp:4:  swamp_alternative, layout_basic_swamp
Snake:1:  layout_cave_shapes
Snake:2:  layout_rooms, serial_shops, nicolae_shop_crystal, grunt_ministairs_11,
          nrook_guardian_serpent_ordinary, uniq_jorgrun
Snake:3:  layout_layer_cave, basic_altar, minmay_shoptagon, uniq_vashnia,
          uniq_aizul, uniq_asterion, uniq_nikola
Snake:4:  grunt_snake_rune_serpentine_throne, layout_rooms, st_stairs_1
Slime:1:  layout_caves
Slime:2:  layout_caves
Slime:3:  layout_caves
Slime:4:  layout_caves
Slime:5
Orc:1:    orc_temple, layout_caves, serial_shops, shop
Orc:2:    st_orc_town, layout_caves, basic_altar, gammafunk_ghost_grave,
          serial_shops, shop_statue, uniq_saint_roka
Elf:1:    elf_arrival_001, layout_onion_city, serial_shops, shop,
          hangedman_elf_represent, grunt_ministairs_10
Elf:2:    layout_gridlike, basic_altar, serial_shops, nicolae_shop_crystal
Elf:3:    elf_hall, layout_geoelf_grid, enter_trove_0
Vaults:1: nicolae_vaults_little_squares_1, v_misc_4, v_alt_pattern_1,
          vaults_room_large_hall, vaults_mumra_hexcomb, v_pattern_3,
          vaults_room_semicircle, layout_vaults_omnigrid, serial_shops, shop
Vaults:2: gammafunk_vaults_ghost_cemetery, nicolae_vaults_triangles,
          ontoclasm_vaults_chip, vaults_dpeg_hooks, ontoclasm_vaults_twist,
          v_alt_pattern_5, vaults_room_stairs_pillars,
          nicolae_vaults_diagonal_hallway_9, vaults_mumra_hex,
          layout_vaults_chaotic_city, serial_shops, nicolae_shop_waterfront
Vaults:3: grunt_vaults_trifunnel, vaults_room_corners, v_misc_24,
          vaults_room_octagon, ontoclasm_vaults_chip, hangedman_vaults_snaps,
          minmay_crypt_entry_skeletal_spiral,
          nicolae_vaults_stairing_the_circle, nicolae_vaults_network_quinsquares
          [nicolae_vaults_network_quincunx_subvault,
          nicolae_vaults_network_quincunx_subvault,
          nicolae_vaults_network_quincunx_subvault,
          nicolae_vaults_network_quincunx_subvault], grunt_vaults_hallway_short,
          ontoclasm_vaults_echo, nicolae_vaults_specimen_jars,
          layout_vaults_omnicross, basic_altar, uniq_margery
Vaults:4: ebering_vaults_ghost_reflecting_pool, hangedman_vaults_slither,
          nicolae_vaults_angled_halls, nicolae_vaults_arrows, dpeg_vaults_waves,
          v_alt_pattern_4, ontoclasm_vaults_claustrophobia,
          hangedman_vaults_stitches, vaults_room_corners,
          nicolae_vaults_asterisk, grunt_vaults_hallway_short,
          vaults_dpeg_encased_lava, nicolae_vaults_border_crossing,
          grunt_vaults_hallway_short, ontoclasm_vaults_chip,
          layout_vaults_omnibox, serial_shops, shop
Vaults:5
Depths:1: layout_basic, nrook_campfire, nicolae_abyss_entry_one_way_or_another,
          hell_entry, nicolae_alphabet_shops, kennysheep_kite_vault,
          uniq_bai_suzhen, uniq_enchantress
Depths:2: nicolae_whirlpool, layout_cave_pools, enter_ziggurat_a,
          minmay_misc_feat_diagonals, hell_entry, abyss_entry_crystal,
          feat_on_display
Depths:3: minmay_the_grid_ultimate [minmay_the_grid_prize_big_room,
          minmay_the_grid_prize_four_corners,
          minmay_the_grid_prize_four_corners_diamond_b,
          minmay_the_grid_prize_inner_circle, minmay_the_grid_square_5x5_three,
          minmay_the_grid_square_5x5_inner_i, minmay_the_grid_square_5x5_spiral,
          minmay_the_grid_square_5x5_tri_point,
          minmay_the_grid_square_5x5_broken_cross,
          minmay_the_grid_square_5x5_fancy_junction,
          minmay_the_grid_square_5x5_seven, minmay_the_grid_square_5x5_n_small,
          minmay_the_grid_square_5x5_minibox,
          minmay_the_grid_square_5x5_eight_small,
          minmay_the_grid_square_5x5_hollow_slash,
          minmay_the_grid_square_5x5_beaten_path,
          minmay_the_grid_square_5x5_plus, minmay_the_grid_square_5x5_bite,
          minmay_the_grid_square_5x5_detours,
          minmay_the_grid_triangle_9x9_dagger,
          minmay_the_grid_triangle_9x9_negative_grid,
          minmay_the_grid_triangle_9x9_shrine,
          minmay_the_grid_triangle_9x9_intruding_spiral,
          minmay_the_grid_triangle_9x9_sparse_checkered,
          minmay_the_grid_triangle_9x9_thin_v,
          minmay_the_grid_triangle_9x9_flanged_cone,
          minmay_the_grid_triangle_9x9_swiss_cheese,
          minmay_the_grid_triangle_9x9_zippers_vertical,
          minmay_the_grid_triangle_9x9_semitri,
          minmay_the_grid_triangle_9x9_windchime,
          minmay_the_grid_triangle_9x9_stretched_checkered,
          minmay_the_grid_triangle_9x9_longest,
          minmay_the_grid_triangle_9x9_warning,
          minmay_the_grid_triangle_9x9_zippers_horizontal,
          minmay_the_grid_triangle_9x9_tough_junction,
          minmay_the_grid_square_5x5_bridge, minmay_the_grid_octo_thin_diamonds,
          minmay_the_grid_octo_checkered, minmay_the_grid_octo_pinwheel,
          minmay_the_grid_octo_teeth, minmay_the_grid_octo_empty,
          minmay_the_grid_octo_vomiting_pacman, minmay_the_grid_octo_toaster,
          minmay_the_grid_octo_focus, minmay_the_grid_box_x,
          minmay_the_grid_rooms, minmay_the_grid_spikes, minmay_the_grid_paths],
          serial_shops, hell_entry, pan_entry, uniq_xtahua
Depths:4: cross_vault, layout_cave_pools, hangedman_coc_ice_floe, abyss_entry,
          chequers_serial_rivers_large_b, hangedman_research_pyrotechnics,
          infiniplex_staircase_9_rooms

Skill      XL: |  1  2  3  4  5  6  7  8  9 10 11 12 13 14 15 16 17 18 19 20 21 22 23 24 25 |
---------------+----------------------------------------------------------------------------+-----
Fighting       | 3 4 5 6 8 9 10 11 12 13 14 15 16 17 19 20 | 20.0
Shields        | 3 4 5 9 10 12 14 15 | 15.0
Unarmed Combat | 3 4 6 8 11 12 13 15 16 17 18 19 20 21 22 | 22.8
Invocations    | 4 6 7 8 11 14 17 18 | 18.0
Throwing       | 6 9 13 | 13.5
Dodging        | 4 5 |  5.7
Armour         | 5 9 12 14 15 | 15.3

Action                   |  1- 3 |  4- 6 |  7- 9 | 10-12 | 13-15 | 16-18 | 19-21 | 22-24 | 25-27 || total
-------------------------+-------+-------+-------+-------+-------+-------+-------+-------+-------++-------
Melee: Unarmed           |    60 |   185 |   413 |   696 |  1230 |  1493 |  1544 |  1480 |   620 ||  7721
       Broad axe         |       |       |       |       |       |    41 |       |       |       ||    41
Throw: Large rock        |       |       |       |       |     1 |     3 |    14 |    12 |     9 ||    39
Invok: Lesser Servant of |       |       |       |     6 |    20 |     5 |     2 |       |       ||    33
       Major Destruction |       |       |       |       |     3 |       |       |       |     2 ||     5
       Greater Servant o |       |       |       |       |       |       |     3 |     6 |     5 ||    14
Evoke: Lightning rod     |       |       |       |     1 |       |       |       |       |       ||     1
       Wand              |       |       |       |       |     1 |       |     5 |     1 |       ||     7
  Use: Potion            |       |     1 |       |     1 |     6 |    11 |       |     2 |     5 ||    26
       Scroll            |       |     5 |     4 |    12 |    16 |     8 |     4 |    17 |    10 ||    76
 Stab: Sleeping          |       |       |     1 |       |       |       |     9 |     5 |       ||    15
       Distracted        |       |       |       |       |     1 |     1 |     2 |     6 |     1 ||    11
       Confused          |       |       |       |       |       |       |       |       |     1 ||     1
Armor: Robe              |    13 |    37 |    76 |    86 |   151 |    62 |       |       |       ||   425
       Shadow dragon sca |       |       |       |       |       |   305 |   351 |   355 |       ||  1011
       Gold dragon scale |       |       |       |       |       |       |       |    70 |   317 ||   387
Dodge: Dodged            |    21 |    34 |    87 |   178 |   282 |   363 |   246 |   332 |   127 ||  1670
Block: Kite shield       |    14 |   105 |   284 |   477 |   399 |       |       |       |       ||  1279
       Reflection        |       |     4 |    20 |    14 |    36 |   118 |       |       |       ||   192
       Tower shield      |       |       |       |       |   784 |  1871 |  1384 |  1468 |   805 ||  6312

Table legend: (Time is in decaauts)
 A = Elapsed time spent in this place.
 B = Non-inter-level travel time spent in this place.
 C = Inter-level travel time spent in this place.
 D = Time resting spent in this place.
 E = Time spent auto-exploring this place.
 F = Levels seen in this place.
 G = Mean time per level.
                   A        B        C        D        E       F      G
               +--------+--------+--------+--------+--------+-----+--------+
         Total |  52731 |  47344 |   5387 |   5191 |  25352 |  50 | 1054.6 |
       Dungeon |  15299 |  12829 |   2470 |   1368 |   6592 |  15 | 1019.9 |
        Temple |     77 |     64 |     13 |      0 |     55 |   1 |   77.0 |
          Lair |   8628 |   7334 |   1294 |    947 |   4376 |   6 | 1438.0 |
         Swamp |   2749 |   2599 |    150 |    159 |   1563 |   4 |  687.2 |
     Snake Pit |   6036 |   5592 |    444 |   1536 |   2467 |   4 | 1509.0 |
    Slime Pits |   1267 |   1207 |     60 |    119 |    458 |   5 |  253.4 |
  Orcish Mines |   1909 |   1638 |    271 |      0 |   1050 |   2 |  954.5 |
   Elven Halls |   4223 |   4045 |    178 |    518 |   2367 |   3 | 1407.7 |
        Vaults |   7092 |   6750 |    342 |    354 |   4020 |   5 | 1418.4 |
        Depths |   4477 |   4316 |    161 |     47 |   2141 |   4 | 1119.2 |
      Ice Cave |    969 |    969 |      0 |    142 |    262 |   1 |  969.0 |
               +--------+--------+--------+--------+--------+-----+--------+

Top non-repeatable levels by time:
 Snake:4: 2102 daAuts
   Elf:3: 2060 daAuts
  Lair:1: 2043 daAuts
Depths:3: 1855 daAuts
 Snake:3: 1760 daAuts
     D:5: 1692 daAuts
Vaults:4: 1626 daAuts
  Lair:4: 1589 daAuts
     D:8: 1559 daAuts
Vaults:3: 1503 daAuts
  Lair:6: 1492 daAuts
Vaults:1: 1403 daAuts
  Lair:3: 1382 daAuts
Vaults:2: 1366 daAuts
    D:12: 1349 daAuts
